 Dungeon Crawl Stone Soup version 0.30-a0-154-gb106f4c828 (webtiles) character file.

Game seed: 14855230629701656903

6514 Decritt the Fighter (level 11, -5/89 HPs)
             Began as a Djinni Ice Elementalist on Sept 27, 2022.
             Was a Priest of Makhleb.
             Killed from afar by a starcursed mass (7 damage)
             ... with an accursed screaming
             ... on level 1 of the Abyss.
             The game lasted 00:51:49 (16967 turns).

Decritt the Fighter (Djinni Ice Elementalist)      Turns: 16967, Time: 00:51:50

Health: -5/89      AC:  9    Str: 10    XL:     11   Next: 20%
Gold:   271        EV: 17    Int: 27    God:    Makhleb [***...] SH: 10 Dex: 11

rFire   + + .      SeeInvis .    b - staff of cold
rCold   . . .      Faith    .    s - +0 buckler
rNeg    . . .      Spirit   .    o - +1 troll leather armour
rPois   ∞          Reflect  +    (no helmet)
rElec   .          Harm     .    (no cloak)
rCorr   .          Rampage  .    g - +2 pair of gloves
Will    ++...                    (boots unavailable)
Stlth   ++........               x - amulet of reflection
HPRegen 1.04/turn                f - ring of Accord {rPois EV+4 Int+3}
MPRegen 0.00/turn                a - ring "Esargh" {Will+ Str+3 Int+2 Dex-2 Stlth+}

@: about to teleport, flying
A: sickness immunity, fire resistance 2, cold vulnerability 1, float, innate
caster, HP casting, extra vitality 1, deterioration 1
a: Renounce Religion, Minor Destruction, Lesser Servant of Makhleb


You were on level 1 of the Abyss.
You worshipped Makhleb.
Makhleb was most pleased with you.
You visited 2 branches of the dungeon, and saw 11 of its levels.
You visited the Abyss 1 time.

You collected 601 gold pieces.
You spent 330 gold pieces at shops.

Inventory:

Missiles
 j - 3 throwing nets
Armour
 g - a +2 pair of gloves (worn)
 o - a +1 troll leather armour (worn)
 s - a +0 buckler (worn)
Magical Staves
 b - a staff of cold (weapon)
Jewellery
 a - the ring "Esargh" (right hand) {Will+ Str+3 Int+2 Dex-2 Stlth+}
   (You took it off a kobold on level 6 of the Dungeon)

   [ring of willpower]

   Str:       It affects your strength (+3).
   Int:       It affects your intelligence (+2).
   Dex:       It affects your dexterity (-2).
   Will:      It increases your willpower.
   Stlth:     It makes you more stealthy.
 f - the ring of Accord (left hand) {rPois EV+4 Int+3}
   (You acquired it on level 3 of the Dungeon)

   [ring of evasion]

   EV:        It affects your evasion (+4).
   Int:       It affects your intelligence (+3).
   rPois:     It protects you from poison.
 p - a ring of see invisible
 r - a ring of fire
 x - an amulet of reflection (around neck)
Wands
 l - a wand of mindburst (23)
 m - a wand of polymorph (13)
 w - a wand of charming (10)
Scrolls
 h - a scroll of fear
 q - 2 scrolls of blinking
 t - 2 scrolls of fog {unknown}
 u - a scroll of magic mapping {unknown}
Potions
 c - a potion of invisibility {unknown}
 d - a potion of ambrosia {unknown}
 e - 2 potions of berserk rage
 i - a potion of curing
 n - a potion of resistance
 v - a potion of haste {unknown}


   Skills:
 * Level 12.2 Fighting
 - Level 5.0 Armour
 + Level 6.8 Dodging
 - Level 1.5 Stealth
 - Level 6.0 Shields
 - Level 3.2 Spellcasting
 - Level 3.9 Invocations


You couldn't memorise any spells.
You knew the following spells:

 Your Spells              Type           Power      Damage    Failure   Level
a - Magic Dart            Conj           88%        1d7       3%          1
b - Searing Ray           Conj           44%        2d6       5%          2
c - Ozocubu's Armour      Ice            33%        N/A       11%         3
d - Hailstorm             Conj/Ice       33%        3d8       36%         4
e - Frozen Ramparts       Ice            66%        1d10      11%         3
f - Passwall              Tmut/Erth      18%        N/A       5%          2
g - Freeze                Ice            100%       1d11      3%          1
h - Olgreb's Toxic Radia  Pois           22%        N/A       36%         4
i - Silence               Hex/Air        11%        N/A       71%         5
Your spell library was empty.

Dungeon Overview and Level Annotations

Branches:
Dungeon (10/15)            Temple (1/1) D:4
   Lair: D:8-11         Orc: D:9-12

Altars:
Ashenzari
Cheibriados
Dithmenos
Elyvilon
Fedhas
Gozag
Hepliaklqana
Makhleb
Nemelex Xobeh
Okawaru
Qazlal
Ru
Uskayaw
Wu Jian
Xom
Yredelemnul
Zin
The Shining One

Shops:
D:5 [=

Annotations:
D:4 2 transporters, jehirs's ghost, amateur HOMo
D:5 Eustachio


Innate Abilities, Weirdness & Mutations

You are immune to sickness and miasma.
You are immune to poison.
Your flesh is very heat resistant. (rF++)
You are vulnerable to cold. (rC-)
You float through the air rather than walking.
You learn spells naturally, not from books.
Your magical power is your life essence.
You have superior vitality. (+4 MHP)
Your body sometimes deteriorates upon taking damage.


Message History

Casting: Searing Ray (safe; 5% risk of failure)
Confirm with . or Enter, or press ? or * to list all spells.
Restarting spell: Searing Ray (safe; 5% risk of failure)
Press: ? - help, Shift-Dir - straight line, f - starcursed mass
Aim: a starcursed mass (moderately damaged, 100% to hit)
The searing ray hits the starcursed mass but does no damage.
The starcursed mass is moderately damaged. (Press . to maintain the ray.)
* * * LOW HITPOINT WARNING * * *
You feel better.
As you read the scroll of teleportation, it crumbles to dust.
You feel strangely unstable.
You feel the power of the Abyss delaying your translocation!
A chorus of shrieks assaults your mind.
* * * LOW HITPOINT WARNING * * *
You hit the starcursed mass but do no damage.
The starcursed mass misses you.
The starcursed mass touches you but does no damage.
A chorus of shrieks assaults your mind.
* * * LOW HITPOINT WARNING * * *
A chorus of shrieks assaults your mind.
* * * LOW HITPOINT WARNING * * *
You block the starcursed mass's attack.
You feel much better. The starcursed mass touches you.
* * * LOW HITPOINT WARNING * * *
A starcursed mass splits.
The starcursed mass touches you but does no damage. x2
Unknown command.
A chorus of shrieks assaults your mind.
* * * LOW HITPOINT WARNING * * *
The starcursed mass completely misses you.
The starcursed mass closely misses you. The starcursed mass misses you.
The starcursed mass touches you!
* * * LOW HITPOINT WARNING * * *
You block the starcursed mass's attack.
You feel better. You block the starcursed mass's attack.
The starcursed mass touches you!
* * * LOW HITPOINT WARNING * * *
A chorus of shrieks assaults your mind.
You die... ...#..#. # # .... ...#.### . ##.
XX.

..#... .
XX##.. #.#
. #.##
##.##..#
..#...#..#.
. .#.#....#
..###..#..#
.###@XX...#
.
#X#.##....#
#X. .# . .
#####..#...
#.. # ###


You could see 4 starcursed masses.

Vanquished Creatures
  A two-headed ogre (D:9)
  Maggie (D:9)
  2 unseen horror zombies (D:8)
  2 slime creatures (D:8)
  A hornet (D:8)
  Grinder (D:6)
  A wraith (D:8)
  A wyvern (D:8)
  A neqoxec (Abyss:1)
  Edmund (D:5)
  Duvessa (D:6)
  2 orc warriors
  2 sky beasts (D:6)
  A black bear (D:7)
  Blork the orc (D:4)
  8 kobold brigands
  3 bullfrogs
  A necrophage (D:8)
  A gnoll sergeant (D:8)
  4 scorpions
  4 wights (D:8)
  9 killer bees (D:8)
  Dowan (D:6)
  A howler monkey (D:9)
  2 electric eels (D:9)
  3 centaur zombies (D:8)
  A human zombie (D:8)
  6 jellies (D:8)
  3 orc priests
  5 hounds
  3 iguanas (D:5)
  8 orc wizards
  A mummy (D:8)
  11 gnolls
  7 adders
  A shadow imp (D:6)
  2 white imps (D:5)
  2 dart slugs
  26 orcs
  3 bats
  10 endoplasms
  2 giant cockroaches (D:1)
  4 goblins
  5 hobgoblins
  7 jackals
  A quokka (D:5)
  7 ball pythons
  A frilled lizard (D:2)
  47 kobolds
  3 rats (D:1)
222 creatures vanquished.

Vanquished Creatures (others)
  An orc wizard (D:8)
  A kobold (D:6)
  8 fungi
  72 plants (D:6)
  8 toadstools (D:8)
90 creatures vanquished.

Grand Total: 312 creatures vanquished

Notes
Turn   | Place    | Note
-------+----------+-------------------------------------------
     0 | D:1      | Decritt the Djinni Ice Elementalist began the quest for the
                  | Orb.
     0 | D:1      | Decritt set off with the following spells memorised:
                  | Freeze, Frozen Ramparts, Ozocubu's Armour, Hailstorm.
     0 | D:1      | Reached XP level 1. HP: 15/15 MP: 0/0
    97 | D:1      | Reached skill level 1 in Fighting
   605 | D:1      | Reached XP level 2. HP: 22/22 MP: 0/0
   672 | D:1      | Reached skill level 2 in Fighting
   961 | D:1      | Found a faded altar of an unknown god.
  1203 | D:1      | Reached XP level 3. HP: 28/29 MP: 0/0
  1203 | D:1      | Learned a level 1 spell: Magic Dart
  1531 | D:1      | You are sucked into a shaft and drop 1 floor!
  1955 | D:2      | Found an iron altar of Okawaru.
  3107 | D:3      | Noticed a kobold brigand
  3141 | D:3      | Reached skill level 3 in Fighting
  3141 | D:3      | Reached XP level 4. HP: 32/35 MP: 0/0
  3380 | D:3      | Identified a scroll of acquirement
  3380 | D:3      | Acquired the ring of Accord {rPois EV+4 Int+3}
  3386 | D:3      | Reached skill level 1 in Armour
  3708 | D:3      | Killed a kobold brigand
  3709 | D:3      | Reached XP level 5. HP: 16/41 MP: 0/0
  3709 | D:3      | Learned a level 2 spell: Passwall
  4495 | D:4      | Noticed jehirs's ghost (amateur HOMo)
  4496 | D:4      | Found a transporter.
  4501 | D:4      | Found a transporter.
  4548 | D:4      | Reached skill level 4 in Fighting
  4695 | D:4      | Found a staircase to the Ecumenical Temple.
  4695 | D:4      | Noticed Blork the orc
  4728 | D:4      | Killed Blork the orc
  4729 | D:4      | Reached XP level 6. HP: 8/48 MP: 0/0
  4998 | Temple   | Entered the Ecumenical Temple
  5042 | Temple   | Became a worshipper of Makhleb the Destroyer
  5178 | D:4      | HP: 2/48 [gnoll/+0 flail (13)]
  5368 | D:4      | Reached XP level 7. HP: 9/53 MP: 0/0
  5368 | D:4      | Learned a level 2 spell: Searing Ray
  6106 | D:5      | Entered Level 5 of the Dungeon
  6132 | D:5      | Reached skill level 5 in Fighting
  6132 | D:5      | Reached skill level 1 in Invocations
  6666 | D:5      | Found Cubadung's Jewellery Emporium.
  6959 | D:5      | Found a broken altar of Ashenzari.
  7221 | D:5      | Found Hibeg's Antique Armour Shoppe.
  7896 | D:5      | Noticed Edmund
  7905 | D:5      | Killed Edmund
  7906 | D:5      | Reached skill level 6 in Fighting
  7906 | D:5      | Reached XP level 8. HP: 36/61 MP: 0/0
  8430 | D:5      | Identified the +1 robe of Grace {+Inv}
  8703 | D:5      | Found a sparkling altar of Nemelex Xobeh.
  9139 | D:5      | Reached * piety under Makhleb
  9388 | D:6      | Noticed Eustachio
  9801 | D:6      | Reached skill level 5 in Dodging
 10436 | D:6      | Noticed Duvessa
 10453 | D:6      | Noticed Dowan
 10465 | D:6      | Killed Duvessa
 10485 | D:6      | Reached skill level 7 in Fighting
 10488 | D:6      | Killed Dowan
 11169 | D:6      | Found a shimmering altar of Xom.
 11169 | D:6      | Found a shimmering altar of Xom.
 11170 | D:6      | Found a shimmering altar of Xom.
 11171 | D:6      | Found a shimmering altar of Xom.
 11225 | D:6      | Reached XP level 9. HP: 34/68 MP: 0/0
 11225 | D:6      | Learned a level 4 spell: Olgreb's Toxic Radiance
 11349 | D:6      | Identified the +1 scale mail of Goaxa {Dex+4 Stlth+}
 11562 | D:6      | Noticed Grinder
 11572 | D:6      | Killed Grinder
 11697 | D:5      | Bought a troll leather armour for 330 gold pieces
 11716 | D:6      | Identified the ring "Esargh" {Will+ Str+3 Int+2 Dex-2
                  | Stlth+}
 11718 | D:6      | Reached skill level 8 in Fighting
 11925 | D:6      | Found a hazy altar of Hepliaklqana.
 12956 | D:8      | Found an opulent altar of Gozag.
 13001 | D:8      | Reached skill level 9 in Fighting
 13355 | D:8      | Found a basalt altar of Yredelemnul.
 13533 | D:8      | Reached XP level 10. HP: 62/80 MP: 0/0
 13661 | D:8      | Reached skill level 10 in Fighting
 13661 | D:8      | Reached skill level 5 in Armour
 13746 | D:8      | Reached ** piety under Makhleb
 14021 | D:8      | Found a white marble altar of Elyvilon.
 14099 | D:8      | Reached skill level 1 in Shields
 14559 | D:8      | Reached skill level 11 in Fighting
 15155 | D:9      | Noticed Maggie
 15329 | D:9      | Killed Maggie
 15330 | D:9      | Reached skill level 5 in Shields
 15374 | D:9      | Noticed a kobold demonologist
 15376 | D:9      | Noticed a kobold demonologist
 15377 | D:9      | Noticed a kobold demonologist
 15392 | D:9      | Noticed a rust devil
 15987 | D:8      | Reached XP level 11. HP: 81/88 MP: 0/0
 15987 | D:8      | Learned a level 5 spell: Silence
 16304 | D:9      | Found an iron altar of Okawaru.
 16304 | D:9      | Noticed a two-headed ogre
 16324 | D:8      | Reached *** piety under Makhleb
 16388 | D:9      | Killed a two-headed ogre
 16389 | D:9      | Reached skill level 12 in Fighting
 16852 | D:10     | Entered Level 10 of the Dungeon
 16865 | Abyss:1  | Cast into level 1 of the Abyss (gnoll sergeant)
 16871 | Abyss:1  | Found a corrupted altar of Lugonu.
 16873 | Abyss:1  | Found a corrupted altar of Lugonu.
 16923 | Abyss:1  | Noticed a starcursed mass
 16936 | Abyss:1  | Gained mutation: Your body sometimes deteriorates upon
                  | taking damage. [a neqoxec]
 16938 | Abyss:1  | Paralysed by accursed screaming for 1 turns
 16966 | Abyss:1  | HP: 3/89 [starcursed mass (12)]
 16967 | Abyss:1  | Killed from afar by a starcursed mass

Illustrated notes

Levels and vault maps discovered:
D:1:      dpeg_arrival_arbitrary_c, layout_basic,
          shapermc_ecumenical_altar_mp_highgroup
D:2:      layout_loops_corners, basic_altar, hangedman_decor_peaks_small
D:3:      cheibrodos_thug_alley, layout_loops_ring
D:4:      layout_basic, minmay_temple_entry_tees, gammafunk_ghost_arena,
          uniq_blork_the_orc
D:5:      layout_loops_cross, evilmike_ruin_ashenzari,
          mainiacjoe_overflow_alcove_4, serial_shops, nicolae_shop_hallway_plus,
          nicolae_stop_n_shop_2, kennysheep_potato, uniq_edmund
D:6:      kennysheep_kobold_camp, layout_loops_cross, mainiacjoe_overflow_paths,
          xom_redecorated, minmay_between, uniq_duvessa, uniq_grinder,
          uniq_eustachio
D:7:      layout_layer_cave
D:8:      cheibrodos_fertilizer, layout_rooms,
          lemuel_mausoleum_altar_yredelemnul, lemuel_coloured_pillars_altar,
          mainiacjoe_overflow_brackets
D:9:      layout_rooms, mainiacjoe_overflow_alcove_2, water_boxes_lemuel,
          uniq_maggie
D:10:     layout_basic, kennysheep_mini_moat, orc_0_dummy, enter_bailey_5
Temple:   nicolae_temple_god_jail
Abyss:1:  base:
Bailey

Skill      XL: |  1  2  3  4  5  6  7  8  9 10 11 |
---------------+----------------------------------+-----
Fighting       | 1 2 3 4 6 7 9 11 12 | 12.2
Armour         | 1 2 4 5 |  5.0
Dodging        | 3 4 5 6 |  6.8
Invocations    | 2 3 |  3.9
Shields        | 5 6 |  6.0
Stealth        | |  1.5
Spellcasting   | |  3.2

Action                   |  1- 3 |  4- 6 |  7- 9 | 10-12 || total
-------------------------+-------+-------+-------+-------++-------
Melee: Unarmed           |     9 |       |       |       ||     9
       Staff             |    25 |    30 |    36 |    19 ||   110
       Punch             |       |     1 |       |       ||     1
 Cast: Freeze            |    22 |    29 |     3 |       ||    54
       Magic Dart        |    40 |    59 |   201 |   198 ||   498
       Ozocubu's Armour  |     2 |     1 |       |       ||     3
       Frozen Ramparts   |     1 |       |       |       ||     1
       Passwall          |       |     1 |       |       ||     1
       Searing Ray       |       |       |    81 |    91 ||   172
       Hailstorm         |       |       |     1 |       ||     1
  Use: Scroll            |     4 |     5 |    15 |     2 ||    26
       Potion            |       |     1 |     5 |     3 ||     9
Armor: Robe              |     9 |    18 |    24 |       ||    51
       Troll leather arm |       |       |    35 |    77 ||   112
Dodge: Dodged            |    38 |    37 |   239 |   273 ||   587
Block: Other             |       |       |    27 |    14 ||    41
       Buckler           |       |       |       |   151 ||   151
       Reflection        |       |       |       |     5 ||     5

Table legend: (Time is in decaauts)
 A = Elapsed time spent in this place.
 B = Non-inter-level travel time spent in this place.
 C = Inter-level travel time spent in this place.
 D = Time resting spent in this place.
 E = Time spent auto-exploring this place.
 F = Levels seen in this place.
 G = Mean time per level.
                   A        B        C        D        E       F      G
               +--------+--------+--------+--------+--------+-----+--------+
         Total |  17023 |  16518 |    505 |   7722 |   6032 |  12 | 1418.6 |
       Dungeon |  16859 |  16371 |    488 |   7722 |   6003 |  10 | 1685.9 |
        Temple |     61 |     44 |     17 |      0 |     29 |   1 |   61.0 |
         Abyss |    101 |    101 |      0 |      0 |      0 |   1 |  101.0 |
               +--------+--------+--------+--------+--------+-----+--------+

Top non-repeatable levels by time:
     D:5: 3393 daAuts
     D:8: 3384 daAuts
     D:4: 2179 daAuts
     D:6: 2113 daAuts
     D:1: 1537 daAuts
     D:2: 1474 daAuts
     D:3: 1416 daAuts
     D:7: 855 daAuts
     D:9: 492 daAuts
 Abyss:1: 101 daAuts
  Temple: 61 daAuts
    D:10: 12 daAuts
